AoeStats
← flynorc

Hideout

508723315Analyzed
1v1 RM · 7d ago on Sep 23, 2026· 33m 18s· 2 players
Game mode
Random Map
Map size
Tiny (2 player)
Population
200
Speed
Normal
Resources
Standard
Victory
Conquest
Starting age
Dark Age
Ending age
Imperial Age
RankedLock teamsTeams togetherTeam positionsShared explorationLock speedFull tech treeHidden civsTurbo modeCheats
Victory
Defeat
🇦🇹 Berbers · Austria
1414
+16
🇩🇪 Byzantines · Germany
1419
-16
flynorc
10:20 Feudal Age
10:48 Loom
14:28 Castle Age
13:22 Scale Barding Armor
14:53 Bloodlines
22:01 Town Watch
22:57 Wheelbarrow
24:34 Chain Barding Armor
26:01 Fletching
30:18 Bodkin Arrow
Twtis
6:45 Loom
9:11 Feudal Age
9:24 Man-at-Arms
10:13 Double-Bit Axe
12:40 Fletching
18:58 Castle Age
18:04 Horse Collar
18:35 Scale Barding Armor
18:59 Gold Mining
19:53 Bodkin Arrow
19:41 Crossbowman
22:11 Husbandry
29:08 Bow Saw
29:20 Heavy Plow
29:32 Elite Skirmisher
Connection lost

Rejoining the realm…

Still unreachable

The connection could not be restored.

Session expired

The server has moved on; the page needs a fresh start.